Map: Jagannatha LE

Players

Cumlord - Winner!

  • Race: Protoss Protoss
  • League: Master
  • Spawn Location: 7:00

IIIIIIIIIIII

  • Race: Terran Terran
  • League: Master
  • Spawn Location: 1:00

VOD

Have the link to the VOD?

Description

Time

  • Played on: Oct. 4, 2020, 3:06 a.m.
  • Length: 3:20
Show
View Real Time Build Order
Export as new Build Order

Cumlord Protoss - Winner!

Build Orders:  

Get SALT Encoding   

  12  0:08  Pylon  
  12  0:12  Probe  
  13  0:27  Gateway  
  13  0:31  Probe  
  14  0:46  Pylon  
  14  0:48  Probe  
  15  0:55  Assimilator  
  16  1:10  Gateway  
  16  1:15  Cybernetics Core  
  15  1:25  Zealot  
  15  1:28  Probe  
  18  1:41  Probe  
  19  1:52  Stalker (Chrono Boost)  
  21  2:04  Stalker (Chrono Boost)  
  23  2:14  Probe  
  24  2:24  Stalker  
  24  2:26  Zealot  
  28  2:34  Pylon  
  28  2:53  Stalker (Chrono Boost)  
  30  2:59  Shield Battery  
  30  3:00  Shield Battery  
Show
View Real Time Build Order
Export as new Build Order

IIIIIIIIIIII Terran 

Build Orders: Reaper Expand 

Get SALT Encoding   

  12  0:00  SCV  
  13  0:12  SCV  
  14  0:17  Supply Depot  
  14  0:24  SCV  
  15  0:38  SCV  
  15  0:40  Barracks  
  16  0:45  Refinery  
  16  0:51  SCV  
  17  1:03  SCV  
  18  1:15  SCV  
  19  1:28  Orbital Command  
  19  1:29  Reaper  
  20  1:41  Command Center  
  20  1:48  Supply Depot  
  20  1:54  SCV  
  21  2:00  Marine  
  22  2:07  Factory  
  22  2:08  SCV  
  23  2:18  Bunker  
  23  2:20  SCV  
  24  2:24  Refinery  
  24  2:25  Barracks Reactor  
  24  2:32  SCV  
  24  2:42  Bunker  
  23  2:44  SCV  
  24  2:51  Factory Tech Lab  
  22  3:01  Marine  
  22  3:02  Marine  
  24  3:07  SCV  
  24  3:16  Supply Depot x2  
Tags
 
Add a new tag
Caveats
  • Supply blocks, unpowered buildings, or Contaminate may cause inaccurate times.
  • Supply counts are checked every 10 seconds.